 Dungeon Crawl Stone Soup version 0.26-a0-438-g4b1dca4f87 (webtiles) character file.

Game seed: 77770062690817661

(classic levelgen) 45 EnegeticOcto the Magician (level 3, -3/16 HPs)
             Began as a Vine Stalker Hedge Wizard on July 26, 2020.
             Slain by a worm (12 damage)
             ... on level 1 of the Dungeon.
             The game lasted 00:03:18 (2288 turns).

EnegeticOcto the Magician (VSWz)                    Turns: 2288, Time: 00:03:18

Health: -3/16      AC:  2    Str: 13    XL:     3   Next: 64%
Magic:  0/8        EV: 12    Int: 14    God:
Gold:   77         SH:  0    Dex: 13    Spells: 1/8 levels left

rFire    + . .     SeeInvis .   a - +0 dagger
rCold    + . .     Faith    .   (no shield)
rNeg     . . .     Spirit   +   b - +0 robe
rPois    .         Reflect  .   c - +0 hat
rElec    .         Harm     .   j - scarf {rC+ rF+}
rCorr    .                      (no gloves)
MR       .....                  (no boots)
Stlth    ++........             (no amulet)
HPRegen  0.05/turn              (no ring)
MPRegen  0.11/turn              (no ring)

@: no status effects
A: fangs 2, magic shield, antimagic bite, no potion heal 3, rot immunity
a: no special abilities


You were on level 1 of the Dungeon.
You visited 1 branch of the dungeon, and saw 2 of its levels.

You collected 77 gold pieces.

Inventory:

Hand Weapons
 a - a +0 dagger (weapon)
Missiles
 g - 5 datura-tipped darts (quivered)
Armour
 b - a +0 robe (worn)
 c - a +0 hat (worn)
 j - a scarf of resistance (worn)
Jewellery
 f - an uncursed ring of flight
Scrolls
 d - a scroll of teleportation {@r3 !r}
 e - a scroll of magic mapping {unknown}
 h - a scroll of enchant armour {unknown}
Potions
 i - a potion of stabbing {@q5 !q}


   Skills:
 + Level 2.6 Short Blades
 - Level 1.5 Dodging
 - Level 3.0 Stealth
 - Level 3.2 Spellcasting
 - Level 1.0 Conjurations
 - Level 1.0 Summonings
 - Level 1.0 Translocations


You had one spell level left.
You knew the following spells:

 Your Spells              Type           Power        Failure   Level
a - Magic Dart            Conj           #...         14%         1
b - Call Imp              Summ           #.......     22%         2
c - Slow                  Hex            #.......     32%         2
Y - Blink                 Tloc           N/A          22%         2

Your spell library contained the following spells:

 Spells                   Type           Power        Failure   Level
 Conjure Flame            Conj/Fire      #.......     45%         3
 Mephitic Cloud           Conj/Pois/Air  #.......     50%         3


Dungeon Overview and Level Annotations

Branches:
Dungeon (2/15)

Altars:


Innate Abilities, Weirdness & Mutations

You have extremely sharp teeth.
When hurt, damage is shared between your health and your magic reserves.
Your bite disrupts and absorbs the magic of your enemies.
Potions cannot restore your health.
You are immune to rotting.


Message History

Casting: Magic Dart (safe; 14% risk of failure)
Confirm with . or Enter, or press ? or * to list all spells.
Aiming: Magic Dart (safe; 14% risk of failure)
Press: ? - help, Shift-Dir - straight line, f/p - worm
Aim: a worm (moderately wounded)
You miscast Magic Dart.
You are very lightly contaminated with residual magic.
Nothing appears to happen.
Casting: Magic Dart (safe; 14% risk of failure)
Confirm with . or Enter, or press ? or * to list all spells.
A shadowy apparition takes form in the air.
Your shadow imp gestures at the worm.
The worm writhes in agony.
What are your orders? t - Shout!
Orders for allies: a - Attack new target. p - Attack previous target. r - Retreat! s - Stop attacking. g - Guard the area. f - Follow me.
Anything else - Cancel.
Gang up on whom?
Press: ? - help, Dir - move target cursor, f/p - worm
Aim: a worm (moderately wounded) Attack!
The worm closely misses you.
Your shadow imp barely misses the worm.
Your shadow imp hits the worm.
You barely miss the worm.
The worm is moderately wounded.
Your shadow imp hits the worm.
You hit the worm. You bite the worm. You drain its power.
You feel invigorated.
The worm is almost dead.
Your shadow imp hits the worm.
The worm bites you!
Ouch! That really hurt!
You are too injured to fight recklessly!
You are too injured to fight recklessly!
You hit the worm.
The worm is almost dead.
Your shadow imp hits the worm but does no damage.
You hit the worm.
You kill the worm!
Unknown command.
You start resting.
Your shadow imp disappears in a puff of smoke!
Your magical contamination has completely faded away.
Unknown command.
You start resting.
Magic restored.
HP restored.
(D) Dungeon
Where to? (Enter - D:2, ? - help)
There is a stone staircase leading down here.
You climb downwards.
The worm bites you!
There is a stone staircase leading up, spattered with blood here.
The rat bites you but does no damage.
You climb upwards.
There is a stone staircase leading down here.
You see here a +0 club.
The rat bites you.
Casting: Call Imp (safe; 22% risk of failure)
Confirm with . or Enter, or press ? or * to list all spells.
Aiming: Magic Dart (safe; 14% risk of failure)
Press: ? - help, Shift-Dir - straight line, f - rat
Aim: a rat The magic dart hits the rat.
You kill the rat!
Casting: Magic Dart (safe; 14% risk of failure)
Confirm with . or Enter, or press ? or * to list all spells.
A beastly little devil appears in a puff of flame.
Casting: Call Imp (safe; 22% risk of failure)
Confirm with . or Enter, or press ? or * to list all spells.
A beastly little devil appears in a puff of flame.
Your crimson imp hits the worm but does no damage.
Your crimson imp hits the worm.
Your crimson imp blinks!
The worm bites your crimson imp.
Your crimson imp hits the worm.
Your crimson imp blinks!
Casting: Call Imp (safe; 22% risk of failure)
Confirm with . or Enter, or press ? or * to list all spells.
A beastly little devil appears in a puff of flame.
What are your orders? t - Shout!
Orders for allies: a - Attack new target. r - Retreat! s - Stop attacking. g - Guard the area. f - Follow me.
Anything else - Cancel.
Gang up on whom?
Press: ? - help, Dir - move target cursor, f - worm
Aim: a worm (lightly wounded) Attack!
Your crimson imp hits the worm but does no damage.
Your crimson imp hits the worm.
Your crimson imp hits the worm.
Your crimson imp blinks!
Your crimson imp hits the worm.
You see here a +0 dagger.
Your crimson imp hits the worm.
Your crimson imp hits the worm but does no damage.
The worm bites you!
Ouch! That really hurt!
You die...

#.###......................
#.# #...†..................
#.# #..###.#.##............
#.# ##.# #.#.>....w........
#.####.###....#######.....#
#.........[...# ##....#
######....)5..# #....#
#....w5..# ##.....
#....@5..# #......
#........## ##......
#.........#####.......
#.........#.......†..#
#.........#..........#
#.........†..........#
#........##.)........#
###########..........#
#...>......#


You could see a worm and 3 friendly crimson imps.

Vanquished Creatures
  An adder (D:1)
  A worm (D:1)
  2 dart slugs (D:1)
  A leopard gecko (D:1)
  A bat (D:1)
  3 giant cockroaches (D:1)
  3 goblins
  2 hobgoblins (D:2)
  3 jackals (D:2)
  5 kobolds
  4 rats
26 creatures vanquished.

Notes
Turn   | Place    | Note
-------+----------+-------------------------------------------
     0 | D:1      | EnegeticOcto the Vine Stalker Hedge Wizard began the quest
                  | for the Orb.
     0 | D:1      | Reached XP level 1. HP: 9/9 MP: 5/5
   142 | D:1      | Reached skill level 3 in Stealth
   201 | D:1      | Reached XP level 2. HP: 13/13 MP: 1/7
   262 | D:1      | Reached skill level 1 in Short Blades
   767 | D:1      | Learned a level 2 spell: Blink
   770 | D:1      | Learned a level 2 spell: Call Imp
   773 | D:1      | Learned a level 2 spell: Slow
  1014 | D:2      | Reached XP level 3. HP: 7/16 MP: 5/8
  1200 | D:2      | Reached skill level 2 in Short Blades
  2288 | D:1      | Slain by a worm

Illustrated notes

Levels and vault maps discovered:
D:1:      dpeg_arrival_concentric_ovals, layout_rooms
D:2:      layout_loops_ring

Skill      XL: |  1  2  3 |
---------------+----------+-----
Stealth        | 3 |  3.0
Short Blades   | 1 2 |  2.6
Dodging        | |  1.5
Spellcasting   | |  3.2
Conjurations   | |  1.0
Summonings     | |  1.0
Translocations | |  1.0

Action                   || total
-------------------------++-------
Melee: Dagger            ||    50
       Bite              ||    10
 Cast: Magic Dart        ||    70
       Call Imp          ||     4
  Use: Scroll            ||     2
       Potion            ||     1
 Stab: Sleeping          ||     2
Armor: Robe              ||     7
Dodge: Dodged            ||    29

Table legend: (Time is in decaauts)
 A = Elapsed time spent in this place.
 B = Non-inter-level travel time spent in this place.
 C = Inter-level travel time spent in this place.
 D = Time resting spent in this place.
 E = Time spent auto-exploring this place.
 F = Levels seen in this place.
 G = Mean time per level.
                   A        B        C        D        E       F      G
               +--------+--------+--------+--------+--------+-----+--------+
         Total |   2287 |   2202 |     85 |    661 |   1194 |   2 | 1143.5 |
       Dungeon |   2287 |   2202 |     85 |    661 |   1194 |   2 | 1143.5 |
               +--------+--------+--------+--------+--------+-----+--------+

Top non-repeatable levels by time:
     D:1: 1658 daAuts
     D:2: 629 daAuts
